 Dungeon Sprint DCSS version 0.17-a0-1450-g7e755d1 (webtiles) character file.

7203 pulse the Severer (level 11, 0/101 HPs)
             Began as a Formicid Berserker on June 30, 2015.
             Was the Champion of Trog.
             Slain by an orc warrior
             ... wielding a +2 trident of flaming
              (5 damage)
             ... in the Dungeon (Sprint IX: "|||||||||||||||||||||||||||||").
             The game lasted 00:05:40 (1787 turns).

pulse the Severer (Formicid Berserker)              Turns: 1787, Time: 00:05:40

Health: 0/101      AC: 13    Str: 28    XL:     11   Next: 32%
Magic:  7/14       EV: 11    Int:  6    God:    Trog [******]
Gold:   100        SH:  0    Dex: 11    Spells: 0 memorised, 10 levels left

rFire  . . .     SeeInvis +     v - +8 battleaxe of Qariy {chop, *Corrode +Inv rC+}
rCold  + . .     Clarity  .     n - +2 ring mail
rNeg   . . .     SustAt   .     (no shield)
rPois  .         Gourm    .     (helmet unavailable)
rElec  .         Spirit   .     m - +2 cloak
rCorr  .         Warding  .     u - +0 pair of gloves
rMut   .         Stasis   +     (no boots)
MR     +....                    (no amulet)
Stlth  ++........               (no ring)
                                o - +3 ring of strength

@: somewhat resistant to hostile enchantments, unstealthy
A: permanent stasis, dig shafts and tunnels, four strong arms, antennae 3
a: Dig, Burn Spellbooks, Trog's Hand, Brothers in Arms, Renounce Religion, Evoke
Invisibility


You were in the Dungeon.
You worshipped Trog.
Trog was exalted by your worship.
You were not hungry.

You visited 1 branch You collected 100 gold pieces.

Inventory:

Hand weapons
 a - a +7 war axe of flaming
 c - a +5 antimagic executioner's axe
 q - a +1 broad axe of freezing
 v - the +8 battleaxe of Qariy (weapon) {chop, *Corrode +Inv rC+}
   (Trog gifted it to you in the Dungeon)

   It inflicts extra damage upon your enemies.
   It protects you from cold.
   It lets you turn invisible.
   It may corrode your equipment when you take damage.
Armour
 m - a +2 cloak (worn)
 n - a +2 ring mail (worn)
 u - a +0 pair of gloves (worn)
Jewellery
 o - a +3 ring of strength (left hand)
 p - a +3 ring of intelligence
Magical devices
 l - a wand of draining (0)
Scrolls
 b - a scroll of identify
 i - 2 scrolls of blinking
 k - 4 scrolls of remove curse
 s - a scroll of fear
Potions
 e - 2 potions of ambrosia
 f - 3 potions of haste
 g - 4 potions of magic
 h - 2 potions of berserk rage
Comestibles
 d - a beef jerky
 j - 40 fruits
 r - 12 bread rations
 t - 12 meat rations


   Skills:
 + Level 14.8 Fighting
 * Level 18.9 Axes
 + Level 9.0 Armour
 - Level 2.1 Dodging
 + Level 5.8 Stealth
 + Level 4.6 Evocations


You had 10 spell levels left.
You didn't know any spells.

Dungeon Overview and Level Annotations

Branches:
Dungeon (1/1)

Altars:
Cheibriados
Dithmenos
Elyvilon
Fedhas
Gozag
Kikubaaqudgha
Makhleb
Nemelex Xobeh
Okawaru
Qazlal
Ru
Sif Muna
Trog
Vehumet
Xom
Yredelemnul
Zin
The Shining One
Beogh
Jiyva
Lugonu


Innate Abilities, Weirdness & Mutations

You are under a permanent stasis effect.
You can dig through walls and to a lower floor.
Your four strong arms can wield two-handed weapons with a shield.
You have a pair of large antennae on your head (SInv).


Message History

The orc warrior burns you.
The orc warrior hits you with a trident of flaming!
The orc warrior burns you.
Items here: $ ))) [[ † You slash the orc warrior!
The orc warrior is heavily wounded.
You closely miss the orc warrior.
The orc warrior is heavily wounded.
The orc warrior hits you with a trident of flaming!
* * * LOW HITPOINT WARNING * * *
The orc warrior burns you.
* * * LOW HITPOINT WARNING * * *
You are too injured to fight recklessly!
You are too injured to fight recklessly!
You are too injured to fight recklessly!
You are too injured to fight recklessly!
The orc warrior hits you from afar with a trident of flaming!
* * * LOW HITPOINT WARNING * * *
The orc warrior burns you.
You die... {{{ ▓▓▓▓▓▓▓▓▓▓▓▓▓▓▓▓▓▓▓▓▓▓▓▓▓ {{{{{

{{....ooo)@)'......))))))))
▓▓▓▓▓▓▓▓▓▓▓▓▓▓▓▓▓▓▓▓▓▓▓▓▓▓▓▓▓▓▓▓▓
..................(.)............
▓▓▓▓▓▓▓▓▓▓▓▓▓▓▓▓▓▓▓▓▓▓▓▓▓▓▓▓▓▓▓▓▓
..†)†......÷.††)........÷.÷...[|.
▓▓▓▓▓▓▓▓▓▓▓▓▓▓▓▓▓▓▓▓▓▓▓▓▓▓▓▓▓▓▓▓▓
.................................
▓▓▓▓▓▓▓▓▓▓▓▓▓▓▓▓▓▓▓▓▓▓▓▓▓▓▓▓▓▓▓▓▓
[.[|?.'_____________________'...÷


You could see 2 orc warriors and an orc.

Vanquished Creatures
  A hydra (D)
  2 orc high priests (D)
  A hill giant (D)
  Joseph (D)
  3 spiny frogs (D)
  A troll (D)
  5 polar bears (D)
  A blink frog (D)
  Eustachio (D)
  A vampire mosquito (D)
  3 water moccasins (D)
  A sky beast (D)
  A porcupine (D)
  3 black bears (D)
  3 orc warriors (D)
  3 crocodiles (D)
  4 giant frogs (D)
  3 orc priests (D)
  A worker ant (D)
  2 sheep (D)
  3 orc wizards (D)
  3 iguanas (D)
  8 orcs (D)
  2 bat skeletons (D)
  A goblin (D)
  3 hobgoblins (D)
  2 bats (D)
  A giant gecko zombie (D)
  A giant newt (D)
  A kobold (D)
  A rat (D)
67 creatures vanquished.

Vanquished Creatures (collateral kills)
  5 orc warriors (D)
5 creatures vanquished.

Grand Total: 72 creatures vanquished

Notes
Turn   | Place    | Note
--------------------------------------------------------------
     0 | D        | pulse the Formicid Berserker began the quest for the Orb.
     0 | D        | Reached XP level 1. HP: 18/18 MP: 1/1
    10 | D        | Acquired Trog's second power
    16 | D        | Reached skill level 4 in Fighting
   117 | D        | Reached XP level 2. HP: 17/25 MP: 2/2
   358 | D        | Found a glowing silver altar of Zin.
   358 | D        | Found a glowing golden altar of the Shining One.
   358 | D        | Found an ancient bone altar of Kikubaaqudgha.
   358 | D        | Found a basalt altar of Yredelemnul.
   358 | D        | Found a shimmering altar of Xom.
   358 | D        | Found a radiant altar of Vehumet.
   359 | D        | Found an iron altar of Okawaru.
   360 | D        | Found a burning altar of Makhleb.
   361 | D        | Found a deep blue altar of Sif Muna.
   362 | D        | Found a bloodstained altar of Trog.
   363 | D        | Found a sparkling altar of Nemelex Xobeh.
   364 | D        | Found a white marble altar of Elyvilon.
   365 | D        | Found a roughly hewn altar of Beogh.
   366 | D        | Found a viscous altar of Jiyva.
   367 | D        | Found a corrupted altar of Lugonu.
   368 | D        | Found a blossoming altar of Fedhas.
   369 | D        | Found a snail-covered altar of Cheibriados.
   370 | D        | Found a shadowy altar of Dithmenos.
   371 | D        | Found a stormy altar of Qazlal.
   372 | D        | Found an opulent altar of Gozag.
   373 | D        | Found a sacrificial altar of Ru.
   431 | D        | Noticed a worker ant
   431 | D        | Noticed an iguana
   431 | D        | Noticed a giant frog
   431 | D        | Noticed a sky beast
   431 | D        | Noticed an orc warrior
   435 | D        | Killed an orc warrior
   435 | D        | Acquired Trog's third power
   435 | D        | Reached skill level 6 in Fighting
   435 | D        | Reached skill level 7 in Axes
   435 | D        | Reached XP level 3. HP: 31/35 MP: 3/3
   435 | D        | Reached XP level 4. HP: 36/41 MP: 4/4
   435 | D        | Reached XP level 5. HP: 41/47 MP: 5/5
   438 | D        | Killed a sky beast
   438 | D        | Reached skill level 9 in Axes
   438 | D        | Reached skill level 1 in Stealth
   438 | D        | Reached XP level 6. HP: 46/56 MP: 6/6
   441 | D        | Killed a giant frog
   442 | D        | Killed an iguana
   442 | D        | Reached skill level 10 in Axes
   447 | D        | Killed a worker ant
   552 | D        | Noticed a giant frog
   552 | D        | Noticed a hill giant
   552 | D        | Noticed a troll
   552 | D        | Noticed a vampire mosquito
   564 | D        | Killed a vampire mosquito
   564 | D        | Reached skill level 11 in Axes
   564 | D        | Reached XP level 7. HP: 48/64 MP: 7/7
   567 | D        | Killed a troll
   567 | D        | Reached skill level 10 in Fighting
   567 | D        | Reached skill level 12 in Axes
   567 | D        | Reached skill level 5 in Armour
   567 | D        | Reached skill level 1 in Evocations
   572 | D        | Killed a hill giant
   572 | D        | Reached skill level 13 in Axes
   572 | D        | Reached XP level 8. HP: 52/75 MP: 7/9
   574 | D        | Killed a giant frog
   574 | D        | Received a gift from Trog
   755 | D        | Noticed a blink frog
   755 | D        | Noticed an iguana
   755 | D        | Noticed a six-headed hydra
   755 | D        | Noticed a crocodile
   755 | D        | Noticed a giant frog
   755 | D        | Noticed a giant frog
   756 | D        | Killed an iguana
   757 | D        | Noticed a crocodile
   758 | D        | Killed a giant frog
   759 | D        | Killed a giant frog
   760 | D        | Noticed a water moccasin
   762 | D        | Killed a crocodile
   770 | D        | Killed a blink frog
   770 | D        | Reached skill level 14 in Axes
   770 | D        | Reached XP level 9. HP: 17/82 MP: 10/10
   772 | D        | Killed a one-headed hydra
   772 | D        | Reached skill level 15 in Axes
   774 | D        | Noticed a spiny frog
   784 | D        | Killed a crocodile
   792 | D        | Killed a water moccasin
   800 | D        | Killed a spiny frog
  1070 | D        | Noticed a crocodile
  1070 | D        | Noticed a spiny frog
  1070 | D        | Noticed an iguana
  1070 | D        | Noticed a water moccasin
  1071 | D        | Killed an iguana
  1072 | D        | Received a gift from Trog
  1075 | D        | Noticed a water moccasin
  1075 | D        | Killed a water moccasin
  1075 | D        | Reached skill level 16 in Axes
  1075 | D        | Reached XP level 10. HP: 77/92 MP: 12/12
  1077 | D        | Noticed a spiny frog
  1082 | D        | Killed a spiny frog
  1082 | D        | Reached skill level 5 in Stealth
  1084 | D        | Noticed a porcupine
  1087 | D        | Killed a crocodile
  1090 | D        | Killed a water moccasin
  1096 | D        | Killed a spiny frog
  1098 | D        | Killed a porcupine
  1098 | D        | Received a gift from Trog
  1255 | D        | Noticed a polar bear
  1255 | D        | Noticed a black bear
  1255 | D        | Noticed a polar bear
  1255 | D        | Noticed a polar bear
  1255 | D        | Noticed a polar bear
  1255 | D        | Noticed a black bear
  1258 | D        | Killed a polar bear
  1259 | D        | Killed a polar bear
  1259 | D        | Reached skill level 17 in Axes
  1260 | D        | Killed a polar bear
  1262 | D        | Killed a black bear
  1265 | D        | Noticed a polar bear
  1268 | D        | Noticed a black bear
  1269 | D        | Killed a polar bear
  1271 | D        | Killed a polar bear
  1275 | D        | Killed a black bear
  1275 | D        | Received a gift from Trog
  1276 | D        | Killed a black bear
  1490 | D        | Noticed Eustachio
  1499 | D        | Killed Eustachio
  1517 | D        | Noticed Joseph
  1529 | D        | Killed Joseph
  1529 | D        | Reached skill level 18 in Axes
  1529 | D        | Reached XP level 11. HP: 76/100 MP: 4/14
  1672 | D        | Noticed an orc wizard
  1672 | D        | Noticed an orc priest
  1673 | D        | Killed an orc priest
  1674 | D        | Noticed an orc priest
  1675 | D        | Received a gift from Trog
  1679 | D        | Killed an orc wizard
  1684 | D        | Killed an orc priest
  1685 | D        | Noticed an orc priest
  1686 | D        | Noticed an orc wizard
  1690 | D        | Received a gift from Trog
  1692 | D        | Noticed an orc wizard
  1692 | D        | Killed an orc priest
  1694 | D        | Killed an orc wizard
  1698 | D        | Killed an orc wizard
  1749 | D        | Noticed an orc warrior
  1749 | D        | Noticed an orc warrior
  1749 | D        | Noticed an orc warrior
  1749 | D        | Noticed an orc warrior
  1749 | D        | Noticed an orc warrior
  1749 | D        | Noticed an orc warrior
  1750 | D        | Noticed an orc high priest
  1754 | D        | Killed an orc warrior
  1755 | D        | Killed an orc warrior
  1755 | D        | Received a gift from Trog
  1757 | D        | Killed an orc warrior
  1758 | D        | Killed an orc warrior
  1760 | D        | Got a transparent battleaxe {god gift}
  1761 | D        | Identified the +8 battleaxe of Qariy {chop, *Corrode +Inv rC+} (Trog gifted it to you in the Dungeon)
  1761 | D        | Killed an orc warrior
  1764 | D        | Noticed an orc warrior
  1765 | D        | Noticed an orc high priest
  1765 | D        | Noticed an orc warrior
  1771 | D        | Killed an orc warrior
  1777 | D        | Noticed an ice devil
  1778 | D        | Killed an orc high priest
  1779 | D        | Noticed an orc warrior
  1780 | D        | Killed an orc warrior
  1783 | D        | Killed an orc high priest
  1787 | D        | HP: 5/101 [orc warrior/trident of flaming (13)]
  1787 | D        | Slain by an orc warrior

Vault maps used:
D:        linesprint

Action                   |  1- 3 |  4- 6 |  7- 9 | 10-12 || total
-------------------------+-------+-------+-------+-------++-------
Melee: Hand axe          |    28 |       |       |       ||    28
       Broad axe         |     3 |    19 |    10 |       ||    32
       War axe           |       |       |    39 |    21 ||    60
       Executioner's axe |       |       |       |    50 ||    50
       Battleaxe         |       |       |       |    18 ||    18
Invok: Brothers in Arms  |       |       |       |     1 ||     1
Evoke: Wand              |     1 |     2 |     3 |     1 ||     7
  Use: Potion            |       |     2 |     8 |     1 ||    11
       Scroll            |       |       |     4 |       ||     4
 Stab: Invisible         |       |       |     1 |       ||     1
  Eat: Bread ration      |       |       |     1 |       ||     1
